 Dungeon Sprint DCSS version 0.29.1-15-g9cfb28693d (webtiles) character file.

Game seed: 15754477801688716464

441 Berahthraban the Protected (level 7, 21/51 HPs)
             Began as a Gargoyle Fighter on Apr 24, 2023.
             Got out of the dungeon alive.
             The game lasted 00:02:33 (633 turns).

Berahthraban the Protected (Gargoyle Fighter)        Turns: 633, Time: 00:02:34

Health: 21/51      AC: 13    Str: 22    XL:     7   Next: 2%
Magic:  7/7        EV: 10    Int:  8    God:
Gold:   162        SH:  5    Dex:  9    Spells: 6/6 levels left

rFire   . . .      SeeInvis .   a - +0 flail
rCold   . . .      Faith    .   c - +0 buckler
rNeg    + . .      Spirit   .   b - +0 scale mail
rPois   ∞          Reflect  .   (no helmet)
rElec   +          Harm     .   (no cloak)
rCorr   .          Rampage  .   (no gloves)
Will    .....      NoTele   +   (no boots)
Stlth   ..........              (no amulet)
HPRegen 0.17/turn               (no ring)
MPRegen 0.10/turn               (no ring)

@: mighty
A: sickness immunity, AC +4, negative energy resistance 1, electricity
resistance, torment resistance 1, petrification resistance
a: no special abilities


You escaped.
You visited 1 branch You collected 162 gold pieces.

Inventory:

Hand Weapons
 a - a +0 flail (weapon)
 d - a +2 vampiric scythe
Armour
 b - a +0 scale mail (worn)
 c - a +0 buckler (worn)
Wands
 f - a wand of digging (5)
Scrolls
 j - a scroll of blinking
Potions
 e - a potion of curing
 h - 2 potions of magic


   Skills:
 + Level 9.0 Fighting
 + Level 6.8 Maces & Flails
 + Level 9.1 Armour
 + Level 2.1 Dodging
 + Level 1.3 Stealth
 + Level 7.6 Shields


You had 6 spell levels left.
You didn't know any spells.
Your spell library was empty.

Dungeon Overview and Level Annotations

Branches:
Dungeon (1/1)

Altars:
Makhleb
Sif Muna
Wu Jian
Xom
Jiyva
Lugonu


Innate Abilities, Weirdness & Mutations

You are immune to sickness and miasma.
Your stone body is resilient. (AC +4)
You are immune to poison.
You resist negative energy. (rN+)
You are resistant to electric shocks. (rElec)
You are resistant to unholy torment.
You are immune to petrification.


Message History

The slime creature hits you but does no damage.
You sock the slime creature!
The slime creature is heavily wounded.
The slime creature hits you!
You sock the slime creature!
The slime creature is severely wounded.
The slime creature hits you!
You are too injured to fight recklessly!
You barely miss the slime creature.
The slime creature is severely wounded.
The slime creature completely misses you.
You sock the slime creature!
The slime creature is almost dead.
The slime creature hits you but does no damage.
You sock the slime creature!
You kill the slime creature!
Your Fighting skill gained 2 levels and is now at level 9!
Your Maces & Flails skill increases to level 6!
Your Armour skill increases to level 9!
Your Dodging skill increases to level 2!
Your Stealth skill increases to level 1!
Your Shields skill increases to level 7!
You have reached level 7!
A jelly comes into view.
The jelly quivers.
The jelly moves out of view.
There is an open door here.
There is an open door here.
You see here a +0 robe.
There is an open door here.
There is an open door, spattered with blood here.
You see here a +0 giant club.
Things that are here:
a +0 club; a +0 leather armour
There is an open door here.
There is a staircase leading out of the dungeon here.
Are you sure you want to leave the Dungeon?
This will make you lose the game!
Uppercase [Y]es or [N]o only, please.
Are you sure you want to leave the Dungeon?
This will make you lose the game!
You have escaped!

##################
#@.#..)..#..'..#__
#..J).#..'[.#..'..
#..#####'#####'#__
#..# #..# #J###
#..# #### #(# #..#
_.+ #⌠⌠# ._# ####
.#+# +


You could see a jelly.

Vanquished Creatures
  A slime creature (D)
  Sigmund (D)
  An ogre (D)
  Ijyb (D)
4 creatures vanquished.

Notes
Turn   | Place    | Note
-------+----------+-------------------------------------------
     0 | D        | Berahthraban the Gargoyle Fighter began the quest for the
                  | Orb.
     0 | D        | Reached XP level 1. HP: 14/14 MP: 1/1
     1 | D        | Noticed Ijyb
    20 | D        | HP: 1/21 [Ijyb/+0 club (3)]
    22 | D        | Killed Ijyb
    23 | D        | Reached XP level 2. HP: 2/20 MP: 2/2
    23 | D        | Reached XP level 3. HP: 2/24 MP: 3/3
   291 | D        | Noticed an ogre
   298 | D        | Killed an ogre
   299 | D        | Reached skill level 1 in Dodging
   299 | D        | Reached skill level 5 in Shields
   299 | D        | Reached XP level 4. HP: 6/32 MP: 4/4
   585 | D        | Noticed Sigmund
   593 | D        | Killed Sigmund
   594 | D        | Reached skill level 5 in Maces & Flails
   594 | D        | Reached XP level 5. HP: 34/39 MP: 5/5
   594 | D        | Reached XP level 6. HP: 39/44 MP: 6/6
   608 | D        | Found an ornate altar of the Wu Jian Council.
   608 | D        | Found a shimmering blue altar of Sif Muna.
   609 | D        | Found a burning altar of Makhleb.
   609 | D        | Found a viscous altar of Jiyva.
   609 | D        | Found a shimmering altar of Xom.
   609 | D        | Found a corrupted altar of Lugonu.
   609 | D        | Noticed a slime creature
   616 | D        | Killed a slime creature
   617 | D        | Reached skill level 1 in Stealth
   617 | D        | Reached XP level 7. HP: 19/51 MP: 7/7
   633 | D        | Got out of the dungeon alive.

Illustrated notes

Levels and vault maps discovered:
D:        dungeon_sprint_1 [red_sonja_temple_1, red_sonja_temple_small_1]

Skill      XL: |  1  2  3  4  5  6 |
---------------+-------------------+-----
Fighting       | 4 6 7 9 |  9.0
Armour         | 4 6 8 9 |  9.1
Shields        | 4 5 6 7 |  7.6
Maces & Flails | 4 5 6 |  6.8
Dodging        | 1 2 |  2.1
Stealth        | 1 |  1.3

Action                   |  1- 3 |  4- 6 |  7- 9 || total
-------------------------+-------+-------+-------++-------
Melee: Flail             |    24 |    12 |       ||    36
  Use: Potion            |     3 |     1 |       ||     4
Armor: Scale mail        |     8 |     6 |       ||    14
Dodge: Dodged            |    15 |     2 |       ||    17
Block: Buckler           |     6 |       |       ||     6
